AoeStats
← [GDL] HANNIBAL

Arabia

510388283Analyzed
4v4 RM · 22h ago on Sep 30, 2026· 56m 52s· 8 players
Game mode
Random Map
Map size
Large (8 player)
Population
200
Speed
Normal
Resources
Standard
Victory
Conquest
Starting age
Dark Age
Ending age
Imperial Age
RankedLock teamsTeams togetherTeam positionsShared explorationLock speedFull tech treeHidden civsTurbo modeCheats
Victory
Defeat
🇩🇪 Saxons · Germany
1359
+14
🇩🇪 Persians · Germany
1347
+15
🇭🇺 Mapuche · Hungary
1287
+17
🇦🇷 Mongols · Argentina
1261
+18
🇺🇸 Ethiopians · United States
1341
-17
🇲🇽 Mongols · Mexico
1324
-16
🇩🇪 Franks · Germany
1318
-16
🇲🇽 Varangians · Mexico
1297
-15
virgilsarmy
9:09 Loom
11:07 Feudal Age
12:26 Double-Bit Axe
12:21 Horse Collar
16:11 Fletching
17:25 Padded Archer Armor
21:26 Castle Age
19:40 Gold Mining
21:30 Crossbowman
22:06 Bodkin Arrow
22:24 Bow Saw
24:13 Wheelbarrow
25:31 Leather Archer Armor
27:23 Ballistics
29:10 Hand Cart
31:50 Town Watch
32:32 Heavy Plow
35:05 Imperial Age
35:19 Stone Mining
35:50 Bracer
35:13 Arbalester
36:05 Thumb Ring
39:40 Chemistry
40:24 Two-Man Saw
40:01 Gold Shaft Mining
39:40 Elite Skirmisher
41:07 Conscription
42:26 Siege Engineers
46:30 Guilds
47:28 Ring Archer Armor
47:09 Masonry
47:58 Coinage
49:13 Banking
52:23 Murder Holes
52:59 Architecture
[GDL] HANNIBAL
6:53 Loom
9:06 Feudal Age
10:55 Bloodlines
21:59 Horse Collar
22:10 Double-Bit Axe
26:30 Castle Age
25:24 Scale Barding Armor
26:16 Scale Mail Armor
26:29 Forging
26:51 Light Cavalry
28:11 Town Watch
29:26 Husbandry
33:30 Wheelbarrow
39:37 Bow Saw
41:28 Chain Barding Armor
42:15 Heavy Plow
44:22 Hand Cart
50:06 Imperial Age
50:44 Iron Casting
51:33 Plate Barding Armor
51:36 Conscription
51:35 Fletching
52:46 Blast Furnace
52:23 Cavalier
54:39 Hussar
RESuS
6:34 Loom
8:40 Feudal Age
9:51 Double-Bit Axe
16:36 Wheelbarrow
19:27 Castle Age
17:36 Gold Mining
17:27 Horse Collar
19:09 Forging
19:27 Bloodlines
29:14 Fletching
30:17 Bodkin Arrow
30:32 Husbandry
31:47 Padded Archer Armor
38:17 Imperial Age
37:36 Stone Mining
38:12 Leather Archer Armor
38:42 Ballistics
39:09 Bracer
40:11 Chemistry
40:29 Elite Mangudai
42:17 Parthian Tactics
43:25 Conscription
45:24 Scale Barding Armor
49:12 Thumb Ring
51:28 Gold Shaft Mining
52:03 Elite Skirmisher
55:49 Bow Saw
C0R0NA
6:38 Loom
9:31 Feudal Age
10:15 Double-Bit Axe
12:28 Scale Barding Armor
20:16 Castle Age
18:43 Gold Mining
21:01 Forging
21:31 Bow Saw
29:16 Chain Barding Armor
34:53 Iron Casting
38:56 Imperial Age
39:10 Cavalier
39:50 Husbandry
40:53 Plate Barding Armor
43:11 Blast Furnace
47:19 Fletching
47:29 Padded Archer Armor
47:12 Paladin
47:55 Elite Skirmisher
DaKrankVieh
6:20 Loom
8:43 Feudal Age
9:26 Double-Bit Axe
11:08 Fletching
23:09 Castle Age
21:35 Gold Mining
22:25 Padded Archer Armor
22:28 Horse Collar
23:11 Crossbowman
23:47 Bodkin Arrow
26:00 Leather Archer Armor
27:05 Thumb Ring
28:05 Ballistics
34:38 Wheelbarrow
35:16 Elite Skirmisher
37:09 Town Watch
41:27 Imperial Age
41:53 Scale Mail Armor
42:12 Bracer
42:35 Arbalester
44:37 Chemistry
45:23 Conscription
46:43 Bracer
49:12 Hand Cart
50:10 Chain Mail Armor
50:05 Forging
51:24 Caravan
53:11 Plate Mail Armor
52:44 Stone Mining
53:19 Pikeman
54:36 Halberdier
56:10 Bow Saw
55:50 Arson
56:05 Squires
DimitryKz
6:51 Loom
9:00 Feudal Age
9:25 Double-Bit Axe
11:30 Horse Collar
20:58 Castle Age
20:26 Bloodlines
21:38 Scale Barding Armor
22:36 Husbandry
23:25 Forging
27:04 Wheelbarrow
27:27 Chain Barding Armor
28:47 Iron Casting
32:20 Hand Cart
32:06 Town Watch
32:24 Gold Mining
34:59 Gold Shaft Mining
38:15 Town Watch
43:57 Imperial Age
42:43 Fletching
43:42 Cavalier
45:09 Plate Barding Armor
49:03 Light Cavalry
51:40 Heavy Plow
52:01 Bow Saw
53:03 Conscription
56:24 Blast Furnace
56:18 Hussar
Humawaska
9:05 Feudal Age
8:32 Loom
13:04 Double-Bit Axe
16:25 Horse Collar
23:25 Castle Age
25:26 Fletching
26:25 Wheelbarrow
26:20 Bow Saw
26:18 Heavy Plow
26:56 Bodkin Arrow
29:15 Hand Cart
29:04 Padded Archer Armor
30:24 Husbandry
33:19 Ballistics
33:14 Leather Archer Armor
36:12 Imperial Age
34:01 Gold Mining
34:01 Stone Mining
35:05 Bloodlines
35:51 Stone Shaft Mining
35:52 Gold Shaft Mining
37:32 Thumb Ring
37:28 Elite Mangudai
39:06 Conscription
39:06 Bracer
38:52 Light Cavalry
41:26 Chemistry
40:12 Hussar
41:03 Forging
40:59 Scale Barding Armor
43:29 Iron Casting
43:14 Chain Barding Armor
46:30 Blast Furnace
54:55 Parthian Tactics
scurhun
6:40 Loom
11:00 Feudal Age
16:41 Castle Age
15:43 Fletching
15:42 Double-Bit Axe
19:23 Bodkin Arrow
22:16 Bow Saw
23:59 Horse Collar
27:57 Padded Archer Armor
29:07 Wheelbarrow
32:23 Malon
33:33 Gold Mining
34:51 Heavy Plow
35:48 Stone Mining
39:18 Imperial Age
37:05 Hand Cart
37:43 Gold Shaft Mining
37:30 Forging
38:42 Leather Archer Armor
38:53 Town Watch
40:05 Stone Shaft Mining
40:14 Butalmapu
39:44 Elite Bolas Rider
42:17 Ballistics
44:04 Chemistry
43:12 Elite Kona
44:41 Crop Rotation
46:03 Ring Archer Armor
46:59 Iron Casting
46:56 Masonry
48:03 Conscription
48:17 Champi Runner
48:43 Arson
50:26 Blast Furnace
51:11 Town Patrol
51:43 Architecture
50:56 Champi Warrior
50:57 Pikeman
51:39 Scale Mail Armor
51:13 Elite Skirmisher
52:19 Elite Champi Warrior
52:53 Treadmill Crane
52:58 Halberdier
55:04 Murder Holes
55:14 Siege Engineers
55:51 Chain Mail Armor
56:16 Hoardings
Connection lost

Rejoining the realm…

Still unreachable

The connection could not be restored.

Session expired

The server has moved on; the page needs a fresh start.